EVO
WICHITA STATE UNIVERSITY SHOCKERS @ WASHINGTON STATE UNIVERSITY COUGARS
12/11/2049
 
TOP OF THE 1ST
Wichita State University Shockers batting - Pitching for Washington State University Cougars : LHP Scott Bradley
Pitching: LHP Scott Bradley
Batting: RHB Byron Whitehead 0-0: Ball
1-0: Ball
2-0: Fly out, F7 (Flyball, 7S, EV 91.3 MPH)
Batting: RHB Lucio Baratta 0-0: Ball
1-0: Foul Ball, location: 25F
1-1: Ground out U3 (Groundball, 3, EV 104.4 MPH)
Batting: LHB Carlos Flores 0-0: Called Strike
0-1: SINGLE (Line Drive, 9S, EV 95.0 MPH)
Batting: RHB Jason Adelstein 0-0: Called Strike
0-1: Ball
1-1: Fly out, F8 (Line Drive, 8RM, EV 98.8 MPH)
Top of the 1st over - 0 runs, 1 hit, 0 errors, 1 left on base; Wichita State University 0 - Washington State University 0
BOTTOM OF THE 1ST
Washington State University Cougars batting - Pitching for Wichita State University Shockers : LHP Joe Seaborn
Pitching: LHP Joe Seaborn
Batting: RHB Rafael Collyer 0-0: Called Strike
0-1: Called Strike
0-2: Ball
1-2: Ball
2-2: Ball
3-2: Fly out, F4 (Line Drive, 4D, EV 58.1 MPH)
Batting: LHB Israel Ariza 0-0: Ground out 3-1 (Groundball, 34, EV 86.9 MPH)
Batting: LHB Scott Spillers 0-0: Swinging Strike
0-1: Fly out, F7 (Flyball, 7, EV 95.6 MPH)
Bottom of the 1st over - 0 runs, 0 hits, 0 errors, 0 left on base; Wichita State University 0 - Washington State University 0
TOP OF THE 2ND
Wichita State University Shockers batting - Pitching for Washington State University Cougars : LHP Scott Bradley
Batting: RHB Kyle Gill 0-0: Swinging Strike
0-1: Foul Ball, location: 9LDF
0-2: Ball
1-2: Strikes out looking
Batting: LHB Troy Davies 0-0: Swinging Strike
0-1: Ball
1-1: Swinging Strike
1-2: Ball
2-2: Ground out 6-3 (Groundball, 6M, EV 81.3 MPH)
Batting: LHB Kyle Lee 0-0: Called Strike
0-1: Ball
1-1: Ball
2-1: Ball
3-1: Swinging Strike
3-2: Ground out 6-3 (Groundball, 6, EV 93.8 MPH)
Top of the 2nd over - 0 runs, 0 hits, 0 errors, 0 left on base; Wichita State University 0 - Washington State University 0
BOTTOM OF THE 2ND
Washington State University Cougars batting - Pitching for Wichita State University Shockers : LHP Joe Seaborn
Batting: RHB Mas Langat 0-0: Foul Ball, location: 9LSF
0-1: Ball
1-1: Foul Ball, location: 3F
1-2: Ground out 5-3 (Groundball, 56S, EV 68.8 MPH)
Batting: RHB Miguel Paredes 0-0: Ball
1-0: Ball
2-0: Ball
3-0: Base on Balls
Batting: RHB Ryan Toth 0-0: Foul Ball, location: 2F
0-1: Ball
1-1: Ball
2-1: Hit by Pitch
Miguel Paredes to second
Batting: RHB Ron Essink 0-0: Called Strike
0-1: Ball
1-1: Called Strike
1-2: Strikes out swinging
Batting: RHB Wil Gonzales 0-0: Called Strike
0-1: Single, Error in OF, E8, batter to second base (Groundball, 6MD, EV 95.6 MPH)
Miguel Paredes scores
Ryan Toth to third
Batting: RHB Joe Weber 0-0: Ball
1-0: SINGLE (Line Drive, 6MD, EV 95.0 MPH)
Ryan Toth scores
Wil Gonzales to third
Runner from 3rd tries for Home, SAFE, throw by CF to home
Joe Weber to second
Batting: RHB Rafael Collyer 0-0: SINGLE (Line Drive, 6M, EV 99.4 MPH)
Joe Weber to third
Runner from 3rd tries for Home, SAFE, throw by CF to home
Rafael Collyer to second
Batting: LHB Israel Ariza 0-0: Called Strike
0-1: Ball
1-1: Foul Ball, location: 7LMF
1-2: Foul Ball, location: 23FF
1-2: Ball
2-2: Foul Ball, location: 2F
2-2: Foul Ball, location: 2F
2-2: Ball
3-2: SINGLE (Groundball, 4MD, EV 96.3 MPH)
Rafael Collyer to third
Runner from 3rd tries for Home, SAFE, throw by CF to home
Batting: LHB Scott Spillers 0-0: Swinging Strike
0-1: DOUBLE (Line Drive, 89D, EV 104.4 MPH)
Israel Ariza to third
Batting: RHB Mas Langat 0-0: Ball
1-0: Ground out 3-1 (Groundball, 3D, EV 85.0 MPH)
Bottom of the 2nd over - 5 runs, 5 hits, 1 error, 2 left on base; Wichita State University 0 - Washington State University 5
TOP OF THE 3RD
Wichita State University Shockers batting - Pitching for Washington State University Cougars : LHP Scott Bradley
Batting: SHB Peter Faggard 0-0: Ball
1-0: Swinging Strike
1-1: SINGLE (Groundball, 4MD, EV 96.3 MPH)
Batting: SHB Mike Chafe 0-0: Called Strike
0-1: Ball
1-1: Ball
2-1: Foul Ball, location: 9LDF
2-2: Ball
3-2: Base on Balls
Peter Faggard to second
Batting: RHB Byron Whitehead 0-0: Ball
1-0: SINGLE (Groundball, 4MD, EV 99.4 MPH) (infield hit)
Peter Faggard to third
Mike Chafe to second
Batting: RHB Lucio Baratta 0-0: Foul Ball, location: 2F
0-1: Called Strike
0-2: Ball
1-2: Foul Ball, location: 9LDF
1-2: Ball
2-2: Ball
3-2: Foul Ball, location: 3F
3-2: Grounds into double play, 6-4-3 (Groundball, 6, EV 100.0 MPH)
Peter Faggard scores
Mike Chafe to third
Batting: LHB Carlos Flores 0-0: Foul Ball, location: 2F
0-1: Foul Ball, location: 2F
0-2: Ball
1-2: Ball
2-2: Ball
3-2: Foul Ball, location: 2F
3-2: Foul Ball, location: 9LMF
3-2: Foul Ball, location: 7LSF
3-2: Base on Balls
Batting: RHB Jason Adelstein 0-0: Foul Ball, location: 9LMF
0-1: Hit by Pitch
Carlos Flores to second
Batting: RHB Kyle Gill 0-0: Foul Ball, location: 25FF
0-1: Ball
1-1: Ball
2-1: Swinging Strike
2-2: Ball
3-2: Foul Ball, location: 5SF
3-2: Foul Ball, location: 2F
3-2: Foul Ball, location: 2F
3-2: Fly out, F9 (Flyball, 89D, EV 101.9 MPH)
Top of the 3rd over - 1 run, 2 hits, 0 errors, 3 left on base; Wichita State University 1 - Washington State University 5
BOTTOM OF THE 3RD
Washington State University Cougars batting - Pitching for Wichita State University Shockers : LHP Joe Seaborn
Batting: RHB Miguel Paredes 0-0: Called Strike
0-1: Foul Ball, location: 9LSF
0-2: Ball
1-2: Ground out 4-3 (Groundball, 34, EV 93.1 MPH)
Batting: RHB Ryan Toth 0-0: Ground out 4-3 (Groundball, 34, EV 98.1 MPH)
Batting: RHB Ron Essink 0-0: Ball
1-0: Fly out, F5 (Popup, 5SF, EV 83.1 MPH)
Bottom of the 3rd over - 0 runs, 0 hits, 0 errors, 0 left on base; Wichita State University 1 - Washington State University 5
TOP OF THE 4TH
Wichita State University Shockers batting - Pitching for Washington State University Cougars : LHP Scott Bradley
Batting: LHB Troy Davies 0-0: Foul Ball, location: 7LMF
0-1: Ball
1-1: Ball
2-1: Ball
3-1: Base on Balls
Batting: LHB Kyle Lee 0-0: Called Strike
0-1: Ball
1-1: Fly out, F8 (Flyball, 8LD, EV 97.5 MPH)
Batting: SHB Peter Faggard 0-0: Called Strike
0-1: Called Strike
0-2: Ball
1-2: Ball
2-2: Foul Ball, location: 2RF
2-2: Strikes out looking
Batting: SHB Mike Chafe 0-0: Foul Ball, location: 23FF
0-1: Ball
1-1: Ball
2-1: Fly out, F7 (Flyball, 7LM, EV 100.0 MPH)
Top of the 4th over - 0 runs, 0 hits, 0 errors, 1 left on base; Wichita State University 1 - Washington State University 5
BOTTOM OF THE 4TH
Washington State University Cougars batting - Pitching for Wichita State University Shockers : LHP Joe Seaborn
Batting: RHB Wil Gonzales 0-0: Called Strike
0-1: Called Strike
0-2: Ball
1-2: Foul Ball, location: 25F
1-2: Ball
2-2: SINGLE (Groundball, 6MD, EV 96.9 MPH)
Batting: RHB Joe Weber 0-0: Swinging Strike
0-1: Foul Ball, location: 25FF
0-2: Foul Ball, location: 9LSF
0-2: Ball
1-2: Ball
2-2: Fly out, F8 (Flyball, 8RM, EV 93.1 MPH)
Batting: RHB Rafael Collyer 0-0: Ball
1-0: Foul Ball, location: 2F
1-1: Ball
2-1: Ball
3-1: Swinging Strike
3-2: Fielders Choice at 2nd, 4-6 (Groundball, 4, EV 80.6 MPH)
Batting: LHB Israel Ariza 0-0: Ball
1-0: SINGLE (Line Drive, 8LS, EV 101.3 MPH)
Rafael Collyer to second
Batting: LHB Scott Spillers 0-0: Ball
1-0: Foul Ball, location: 7LMFF
1-1: Ball
2-1: Ball
3-1: SINGLE (Groundball, 4S, EV 73.8 MPH) (infield hit)
Rafael Collyer to third
Israel Ariza to second
Batting: RHB Mas Langat 0-0: Swinging Strike
0-1: Foul Ball, location: 9LMF
0-2: Ball
1-2: Foul Ball, location: 3DF
1-2: Ball
2-2: Ball
3-2: Strikes out swinging
Bottom of the 4th over - 0 runs, 3 hits, 0 errors, 3 left on base; Wichita State University 1 - Washington State University 5
TOP OF THE 5TH
Wichita State University Shockers batting - Pitching for Washington State University Cougars : LHP Scott Bradley
Batting: RHB Byron Whitehead 0-0: SOLO HOME RUN (Flyball, 78XD, EV 112.5 MPH), Distance : 442 ft
Batting: RHB Lucio Baratta 0-0: Foul Ball, location: 2F
0-1: Ball
1-1: Ball
2-1: Foul Ball, location: 2F
2-2: Fly out, F9 (Flyball, 89S, EV 82.5 MPH)
Pitching: RHP Jose Flores
Batting: LHB Carlos Flores 0-0: Ball
1-0: Foul Ball, location: 9LDF
1-1: Ball
2-1: Swinging Strike
2-2: Ball
3-2: Strikes out looking
Batting: RHB Jason Adelstein 0-0: Ground out 6-3 (Groundball, 6, EV 103.1 MPH)
Top of the 5th over - 1 run, 1 hit, 0 errors, 0 left on base; Wichita State University 2 - Washington State University 5
BOTTOM OF THE 5TH
Washington State University Cougars batting - Pitching for Wichita State University Shockers : LHP Joe Seaborn
Batting: RHB Miguel Paredes 0-0: Foul Ball, location: 5DF
0-1: Ball
1-1: SINGLE (Line Drive, 56D, EV 68.8 MPH)
Pitching: LHP Rusty Estes
Batting: RHB Ryan Toth 0-0: Foul Ball, location: 2F
0-1: Bunted foul
0-2: Strikes out swinging
Batting: RHB Ron Essink 0-0: Ball
1-0: Called Strike
1-1: Foul Ball, location: 9LMF
1-2: Ball
2-2: Ball
3-2: Fly out, F7 (Line Drive, 78D, EV 88.1 MPH)
Batting: RHB Wil Gonzales 0-0: Ball
1-0: Swinging Strike
1-1: Foul Ball, location: 5SF
1-2: Hit by Pitch
Miguel Paredes to second
Batting: RHB Joe Weber 0-0: Called Strike
0-1: Ball
1-1: Foul Ball, location: 2F
1-2: Ball
2-2: Ball
3-2: Base on Balls
Miguel Paredes to third
Wil Gonzales to second
Batting: RHB Rafael Collyer 0-0: Fly out, F9 (Flyball, 9, EV 81.3 MPH)
Bottom of the 5th over - 0 runs, 1 hit, 0 errors, 3 left on base; Wichita State University 2 - Washington State University 5
TOP OF THE 6TH
Wichita State University Shockers batting - Pitching for Washington State University Cougars : RHP Jose Flores
Batting: RHB Kyle Gill 0-0: Ball
1-0: Ball
2-0: Foul Ball, location: 2F
2-1: Called Strike
2-2: Fly out, F9 (Flyball, 9D, EV 95.6 MPH)
Batting: LHB Troy Davies 0-0: Ball
1-0: Foul Ball, location: 2F
1-1: Ball
2-1: Foul Ball, location: 23F
2-2: Ball
3-2: SINGLE (Line Drive, 78S, EV 110.6 MPH)
Batting: LHB Kyle Lee 0-0: Fly out, F7 (Flyball, 7, EV 101.3 MPH)
Batting: SHB Peter Faggard 0-0: Ball
1-0: Swinging Strike
1-1: Fly out, F8 (Flyball, 78M, EV 90.0 MPH)
Top of the 6th over - 0 runs, 1 hit, 0 errors, 1 left on base; Wichita State University 2 - Washington State University 5
BOTTOM OF THE 6TH
Washington State University Cougars batting - Pitching for Wichita State University Shockers : LHP Rusty Estes
Batting: LHB Israel Ariza 0-0: Ball
1-0: Ball
2-0: Foul Ball, location: 7LMF
2-1: Ball
3-1: Ground out 2-3 (Groundball, 2R, EV 66.9 MPH)
Batting: LHB Scott Spillers 0-0: Called Strike
0-1: Swinging Strike
0-2: Ball
1-2: Ground out 5-3 (Groundball, 56, EV 103.8 MPH)
Pitching: RHP Ryan Chase
Batting: RHB Mas Langat 0-0: Foul Ball, location: 2F
0-1: Ball
1-1: Swinging Strike
1-2: Ball
2-2: Ball
3-2: Foul Ball, location: 25F
3-2: Base on Balls
Batting: RHB Miguel Paredes 0-0: Ball
1-0: Foul Ball, location: 25FF
1-1: Ground out 4-3 (Groundball, 4, EV 78.1 MPH)
Bottom of the 6th over - 0 runs, 0 hits, 0 errors, 1 left on base; Wichita State University 2 - Washington State University 5
TOP OF THE 7TH
Wichita State University Shockers batting - Pitching for Washington State University Cougars : RHP Jose Flores
Pitching: RHP Joaquin Adame
Batting: SHB Mike Chafe 0-0: Called Strike
0-1: Ground out 4-3 (Groundball, 4M, EV 106.9 MPH)
Batting: RHB Byron Whitehead 0-0: Called Strike
0-1: Called Strike
0-2: Ball
1-2: Strikes out swinging
Batting: RHB Lucio Baratta 0-0: Called Strike
0-1: Swinging Strike
0-2: Ball
1-2: Foul Ball, location: 2F
1-2: Ball
2-2: Ball
3-2: SINGLE (Line Drive, 89S, EV 90.6 MPH)
Batting: LHB Carlos Flores 0-0: Ball
1-0: Called Strike
1-1: Swinging Strike
1-2: Foul Ball, location: 5FF
1-2: Strikes out swinging
Top of the 7th over - 0 runs, 1 hit, 0 errors, 1 left on base; Wichita State University 2 - Washington State University 5
BOTTOM OF THE 7TH
Washington State University Cougars batting - Pitching for Wichita State University Shockers : RHP Ryan Chase
Batting: RHB Ryan Toth 0-0: Foul Ball, location: 2F
0-1: Swinging Strike
0-2: Ground out 6-3 (Groundball, 6M, EV 80.6 MPH)
Batting: RHB Ron Essink 0-0: Called Strike
0-1: Ball
1-1: Foul Ball, location: 5F
1-2: Ball
2-2: Ground out 6-3 (Groundball, 6, EV 81.3 MPH)
Batting: RHB Wil Gonzales 0-0: Ball
1-0: Fly out, F8 (Flyball, 8RXD, EV 100.6 MPH)
Bottom of the 7th over - 0 runs, 0 hits, 0 errors, 0 left on base; Wichita State University 2 - Washington State University 5
TOP OF THE 8TH
Wichita State University Shockers batting - Pitching for Washington State University Cougars : RHP Joaquin Adame
Pitching: RHP Teddy Barber
Pinch Hitting: RHB Alex Zeledon 0-0: Foul Ball, location: 3DF
0-1: Ground out 5-3 (Groundball, 5, EV 97.5 MPH)
Batting: RHB Kyle Gill 0-0: Fly out, F9 (Flyball, 9, EV 91.3 MPH)
Batting: LHB Troy Davies 0-0: Foul Ball, location: 2F
0-1: Called Strike
0-2: Strikes out swinging
Top of the 8th over - 0 runs, 0 hits, 0 errors, 0 left on base; Wichita State University 2 - Washington State University 5
BOTTOM OF THE 8TH
Washington State University Cougars batting - Pitching for Wichita State University Shockers : RHP Ryan Chase
Pitching: LHP Jacob Seymour
Now at 2B: Alex Zeledon
Now in LF: Byron Whitehead
Batting: RHB Joe Weber 0-0: Called Strike
0-1: Ball
1-1: Foul Ball, location: 2F
1-2: Ball
2-2: Foul Ball, location: 5FF
2-2: Ball
3-2: Foul Ball, location: 9LDF
3-2: Base on Balls
Batting: RHB Rafael Collyer 0-0: Ball
1-0: Swinging Strike
1-1: Ball
2-1: SINGLE (Groundball, 56S, EV 71.3 MPH) (infield hit)
Joe Weber to second
Batting: LHB Israel Ariza 0-0: Grounds into double play, 3-6-1 (Groundball, 34, EV 106.9 MPH)
Joe Weber to third
Batting: LHB Scott Spillers 0-0: Ball
1-0: Ball
2-0: 2-RUN HOME RUN (Flyball, 9D, EV 100.0 MPH), Distance : 384 ft
Batting: RHB Mas Langat 0-0: Swinging Strike
0-1: Swinging Strike
0-2: Strikes out swinging
Bottom of the 8th over - 2 runs, 2 hits, 0 errors, 0 left on base; Wichita State University 2 - Washington State University 7
TOP OF THE 9TH
Wichita State University Shockers batting - Pitching for Washington State University Cougars : RHP Teddy Barber
Batting: LHB Kyle Lee 0-0: Called Strike
0-1: Swinging Strike
0-2: Strikes out looking
Batting: SHB Peter Faggard 0-0: Ball
1-0: Ground out 6-3 (Groundball, 56, EV 88.8 MPH)
Batting: SHB Mike Chafe 0-0: Ball
1-0: SOLO HOME RUN (Flyball, 89XD, EV 110.6 MPH), Distance : 443 ft
Batting: RHB Byron Whitehead 0-0: Ball
1-0: Ground out 6-3 (Groundball, 6, EV 86.9 MPH)
Top of the 9th over - 1 run, 1 hit, 0 errors, 0 left on base; Wichita State University 3 - Washington State University 7
Sunday, July 16th , 2023 - OOTP Baseball 24.6 Build 69